 Dungeon Crawl Stone Soup version 0.29-a0-555-g3b24f45cc1 (webtiles) character file.

Game seed: 2014109960701893084

117 raph the Grave Robber (level 5, -4/37 HPs)
             Began as a Human Necromancer on June 7, 2022.
             Slain by a hobgoblin (5 damage)
             ... led by Robin
             ... on level 3 of the Dungeon.
             The game lasted 00:06:45 (3683 turns).

raph the Grave Robber (Human Necromancer)           Turns: 3683, Time: 00:06:46

Health: -4/37      AC:  6    Str:  9    XL:     5   Next: 22%
Magic:  3/9        EV: 12    Int: 17    God:
Gold:   177        SH:  0    Dex: 13    Spells: 1/9 levels left

rFire   . . .      SeeInvis .   d - +0 short sword
rCold   . . .      Faith    .   (no shield)
rNeg    . . .      Spirit   .   a - +0 robe
rPois   .          Reflect  .   l - +0 helmet
rElec   .          Harm     .   (no cloak)
rCorr   .          Rampage  .   (no gloves)
Will    .....                   h - +2 pair of boots
Stlth   ++........              (no amulet)
HPRegen 0.12/turn               (no ring)
MPRegen 0.11/turn               (no ring)

@: animating dead
A: no striking features
a: no special abilities


You were on level 3 of the Dungeon.
You visited 1 branch of the dungeon, and saw 3 of its levels.

You collected 177 gold pieces.

Inventory:

Hand Weapons
 d - a +0 short sword (weapon)
Missiles
 f - 5 atropa-tipped darts
 i - 3 poisoned darts
 k - a throwing net
Armour
 a - a +0 robe (worn)
 h - a +2 pair of boots (worn)
 l - a +0 helmet (worn)
Wands
 j - a wand of flame (9)
Scrolls
 m - a scroll of amnesia
Potions
 b - a potion of magic
 c - a potion of ambrosia {unknown}
 e - a potion of curing
 g - 2 potions of flight


   Skills:
 + Level 1.6 Fighting
 + Level 2.6 Dodging
 + Level 2.7 Stealth
 + Level 2.7 Spellcasting
 * Level 4.7 Necromancy


You had one spell level left.
You knew the following spells:

 Your Spells              Type           Power      Damage    Failure   Level
a - Necrotize             Necr           72%        1d7       2%          1
b - Vampiric Draining     Necr           18%        2d7       8%          3
c - Animate Dead          Necr           18%        N/A       26%         4

Your spell library contained the following spells:

 Spells                   Type           Power      Damage    Failure   Level
 Agony                    Necr           18%        N/A       56%         5


Dungeon Overview and Level Annotations

Branches:
Dungeon (3/15)

Altars:
Qazlal
Ru

Annotations:
D:3 Robin


Message History

Unknown command.
The hobgoblin attacks as you move away! The hobgoblin barely misses you.
The hobgoblin attacks as you move away! The hobgoblin hits you.
The goblin attacks as you move away! The goblin completely misses you.
The hobgoblin attacks as you move away! The hobgoblin hits you.
The hobgoblin attacks as you move away!
The hobgoblin hits you but does no damage.
The hobgoblin attacks as you move away! The hobgoblin closely misses you.
The hobgoblin attacks as you move away! The hobgoblin barely misses you.
You barely miss the hobgoblin. The hobgoblin hits you.
You barely miss the hobgoblin. The hobgoblin closely misses you.
The goblin no longer looks unusually strong.
The hobgoblin no longer looks unusually strong.
The hobgoblin attacks as you move away! The hobgoblin hits you.
Robin completely misses you.
The hobgoblin shouts!
You hit the hobgoblin.
The hobgoblin is moderately wounded.
Robin closely misses you.
Robin roars a battlecry!
The goblins go into a battle-frenzy!
The hobgoblin closely misses you. The hobgoblin misses you.
The goblin shouts!
Robin barely misses you. The hobgoblin hits you.
Robin hits you but does no damage. The hobgoblin attacks as you move away!
The hobgoblin hits you.
* * * LOW HITPOINT WARNING * * *
Robin hits you but does no damage. The hobgoblin misses you.
Robin says, "Bow before me, strongest of all the hobgoblins!"
Robin throws the goblin at you! The goblin hits you with a +0 dagger.
* * * LOW HITPOINT WARNING * * *
Robin flexes a bicep menacingly.
Okay, then.
You miss the goblin. Robin throws the goblin at you!
* * * LOW HITPOINT WARNING * * *
The hobgoblin hits you.
* * * LOW HITPOINT WARNING * * *
The goblin barely misses you. The goblin hits you but does no damage.
You barely miss the goblin. The hobgoblin hits you.
You die...

#.....# #.###.# #.###.# #.#
#.# #.##..# ### #.# #.#
......#### #.# #.# #g# #
..##'##♣≈≈##.###.# #.#######.#
..##≈≈♣# ♣≈'..##g###g......).#
..#≈♣♣≈♣#♣≈#....ggg.....g)#..#
.##≈♣#♣≈♣†♣#####g########.#
..#♣#♣≈≈≈♣# ####@# #.# #.#
♣≈♣≈♣# #..gg# g.# ..#≈♣#♣≈♣♣
####### ..gg ..'≈ ♣≈≈
...######g. ..##≈
##'#####.#.#.. #.#. #.. ###
#........#.#.# #.## #.#.#.#
#........#.#.# ... ###.#.#
#........#.#.####.##
....#.###........#......#..#


You could see Robin (fast), 2 hobgoblins and 3 goblins.

Vanquished Creatures
  3 gnolls (D:3)
  3 adders (D:3)
  An adder skeleton (D:2)
  2 orcs (D:3)
  A bat skeleton (D:2)
  3 endoplasms
  A giant cockroach (D:1)
  4 goblins
  5 hobgoblins
  5 kobolds
  2 quokkas
  6 ball pythons
  A ball python skeleton (D:2)
  A ball python zombie (D:2)
  3 bats
  2 frilled lizards
  A quokka zombie (D:2)
  2 rats (D:1)
46 creatures vanquished.

Vanquished Creatures (collateral kills)
  An adder (D:3)
  A goblin (D:3)
  A frilled lizard (D:1)
3 creatures vanquished.

Vanquished Creatures (others)
  An orc (D:3)
  A demonic plant (D:1)
2 creatures vanquished.

Grand Total: 51 creatures vanquished

Notes
Turn   | Place    | Note
-------+----------+-------------------------------------------
     0 | D:1      | raph the Human Necromancer began the quest for the Orb.
     0 | D:1      | Reached XP level 1. HP: 13/13 MP: 3/3
   598 | D:1      | Reached XP level 2. HP: 19/19 MP: 0/5
   698 | D:1      | You fall into a shaft and drop 1 floor!
  1506 | D:1      | Found a faded altar of an unknown god.
  1506 | D:1      | Noticed a chaos spawn
  1521 | D:1      | Reached XP level 3. HP: 25/25 MP: 4/6
  2164 | D:2      | Reached skill level 1 in Fighting
  2777 | D:3      | Learned a level 3 spell: Vampiric Draining
  2781 | D:3      | Found a stormy altar of Qazlal.
  2821 | D:3      | Reached XP level 4. HP: 23/32 MP: 3/7
  3339 | D:3      | Found a sacrificial altar of Ru.
  3442 | D:3      | Found Zasuih's Weapon Shoppe.
  3498 | D:3      | Learned a level 4 spell: Animate Dead
  3521 | D:3      | Reached XP level 5. HP: 37/37 MP: 5/9
  3645 | D:3      | Noticed Robin
  3682 | D:3      | HP: 1/37 [hobgoblin[Robin] (4)]
  3683 | D:3      | Slain by a hobgoblin

Illustrated notes

Levels and vault maps discovered:
D:1:      onia_arrival_pyramid, layout_loops_ring,
          dreamdust_ecumenical_altar_sealed_demon
D:2:      wad_pebble_path, layout_basic, serial_undead, serial_undead_f,
          serial_undead_f, serial_undead_d, serial_undead_a
D:3:      layout_basic, ashenzari_conservatory_becter, grunt_qazlal_clouds,
          lemuel_tele_altar, serial_shops, shop, saegor_snake_ambush,
          uniq_robin, uniq_jessica

Skill      XL: |  1  2  3 |
---------------+----------+-----
Fighting       | 1 |  1.6
Dodging        | |  2.6
Stealth        | |  2.7
Spellcasting   | |  2.7
Necromancy     | |  4.7

Action                   |  1- 3 |  4- 6 || total
-------------------------+-------+-------++-------
Melee: Unarmed           |     1 |       ||     1
       Short sword       |    45 |    16 ||    61
 Cast: Necrotize         |    55 |    23 ||    78
       Vampiric Draining |       |     2 ||     2
       Animate Dead      |       |     3 ||     3
  Use: Scroll            |     5 |       ||     5
 Stab: Sleeping          |     3 |       ||     3
Armor: Robe              |    15 |    17 ||    32
Dodge: Dodged            |    44 |    39 ||    83

Table legend: (Time is in decaauts)
 A = Elapsed time spent in this place.
 B = Non-inter-level travel time spent in this place.
 C = Inter-level travel time spent in this place.
 D = Time resting spent in this place.
 E = Time spent auto-exploring this place.
 F = Levels seen in this place.
 G = Mean time per level.
                   A        B        C        D        E       F      G
               +--------+--------+--------+--------+--------+-----+--------+
         Total |   3693 |   3666 |     27 |   1542 |   1493 |   3 | 1231.0 |
       Dungeon |   3693 |   3666 |     27 |   1542 |   1493 |   3 | 1231.0 |
               +--------+--------+--------+--------+--------+-----+--------+

Top non-repeatable levels by time:
     D:1: 1590 daAuts
     D:3: 1071 daAuts
     D:2: 1031 daAuts
